 Dungeon Crawl Stone Soup version 0.21-a0-110-g8e1637b (webtiles) character file.

140 Lianjan the Ruffian (level 5, -3/45 HPs)
             Began as a Naga Transmuter on July 8, 2017.
             Slain by Natasha (7 damage)
             ... on level 2 of the Dungeon.
             The game lasted 00:04:58 (2513 turns).

Lianjan the Ruffian (Naga Transmuter)               Turns: 2513, Time: 00:04:58

Health: -3/45      AC:  2    Str: 12    XL:     5   Next: 23%
Magic:  6/8        EV: 19    Int: 15    God:
Gold:   114        SH:  0    Dex: 16    Spells: 2/8 levels left

rFire    . . .     SeeInvis +     - Unarmed
rCold    . . .     Gourm    .   (shield currently unavailable)
rNeg     . . .     Faith    .   (armour currently unavailable)
rPois    x         Spirit   .   (helmet currently unavailable)
rElec    .         Reflect  .   (cloak currently unavailable)
rCorr    .         Harm     .   (gloves currently unavailable)
MR       .....                  (no barding)
Stlth    +.........             (no amulet)
HPRegen  0.15/turn              (no ring)
MPRegen  0.11/turn              (no ring)

@: spider-form (expiring), slowed, very slow
A: see invisible, slow metabolism 1, spit poison 1, AC +1
a: Spit Poison, End Transformation


You were on level 2 of the Dungeon.
You were very hungry.
You were a venomous arachnid creature.
You visited 1 branch of the dungeon, and saw 2 of its levels.

You collected 114 gold pieces.

Inventory:

Hand Weapons
 b - a +0 hunting sling of flaming (melded)
Missiles
 a - 27 arrows
 o - 14 sling bullets
 q - 24 stones (quivered)
Armour
 n - a +0 robe (melded)
Scrolls
 e - a scroll of remove curse {unknown}
 g - a scroll of fog {unknown}
 h - a scroll of teleportation {unknown}
 j - a scroll of fear {unknown}
 p - a scroll of identify {unknown}
Potions
 f - 2 potions of lignification {unknown}
 i - a potion of mutation {unknown}
 k - a potion of curing {unknown}
 r - a potion of haste {unknown}
Books
 c - a book of Changes

   Spells                             Type                      Level
   a - Beastly Appendage              Transmutation                1
   b - Sticks to Snakes               Transmutation                2
   c - Spider Form                    Transmutation/Poison         3
   d - Ice Form                       Ice/Transmutation            4
   e - Blade Hands                    Transmutation                5
 t - a book of Maledictions

   Spells                             Type                      Level
   a - Corona                         Hexes                        1
   b - Ensorcelled Hibernation        Hexes/Ice                    2
   c - Confuse                        Hexes                        3
   d - Tukima's Dance                 Hexes                        3
   e - Dazzling Spray                 Conjuration/Hexes            3
Comestibles
 d - 3 bread rations
 l - a fruit
 s - a meat ration


   Skills:
 + Level 2.2 Fighting
 - Level 1.5 Dodging
 - Level 4.0 Unarmed Combat
 - Level 2.0 Spellcasting
 * Level 3.3 Transmutations
 + Level 2.2 Poison Magic


You had 2 spell levels left.
You knew the following spells:

 Your Spells              Type           Power        Failure   Level  Hunger
a - Beastly Appendage     Tmut           ##....       16%         1    #......
b - Sticks to Snakes      Tmut           ##......     22%         2    ###....
c - Spider Form           Tmut/Pois      #.........   43%         3    ###....


Dungeon Overview and Level Annotations

Branches:
Dungeon (2/15)

Altars:
Ashenzari

Annotations:
D:2 1 runed door, Natasha


Innate Abilities, Weirdness & Mutations

You cannot wear boots.
((Your serpentine skin is tough. (AC +1)))
You have supernaturally acute eyesight. (SInv)
((Armour fits poorly on your strangely shaped body.))
((Your system is resistant to poisons. (rPois)))
((You cover ground very slowly.))
You have a slow metabolism.
You can spit poison.


Message History

Natasha stares at you and mumbles some strange words.
The magic dart hits you!
Natasha stares at you and mumbles some strange words.
The magic dart hits you!
Natasha stares at you and mumbles some strange words.
The magic dart hits you! Natasha closely misses you.
You are too injured to fight recklessly!
You are too injured to fight recklessly!
You are too injured to fight recklessly!
You hit Natasha.
Natasha is poisoned.
Natasha is lightly wounded.
Natasha claws you!
* * * LOW HITPOINT WARNING * * *
You closely miss Natasha.
Natasha is lightly wounded.
Your transformation is almost over.
Natasha claws you.
* * * LOW HITPOINT WARNING * * *
Natasha claws you!
You die...

###########..#....##### ######
..................#### #.....
.....................# ##.....
.....................# ###...##'
.....................# #.....#..
.....................####.....#..
......................##...####..
............#..h..##.......#⌠.##+
<.........[.....s.###......#.....
.............).#....#...###.#....
....................#...#...#....
....................#.#.#...+..._
......................#.#...#....
........................####.....
..............>....##......#.....
...........................#⌠.##'
#...>......................####..


You could see Natasha.

Vanquished Creatures
  Terence (D:2)
  Natasha (twice) (D:2)
  2 adders
  2 dart slugs
  4 leopard geckos
  3 giant cockroaches
  7 goblins
  5 hobgoblins
  3 kobolds (D:2)
  7 bats
  A frilled lizard (D:1)
  2 rats
39 creatures vanquished.

Notes
Turn   | Place    | Note
-------+----------+-------------------------------------------
     0 | D:1      | Lianjan the Naga Transmuter began the quest for the Orb.
     0 | D:1      | Reached XP level 1. HP: 18/18 MP: 3/3
   376 | D:1      | Reached XP level 2. HP: 23/25 MP: 3/5
   843 | D:1      | Reached skill level 4 in Unarmed Combat
  1024 | D:1      | Learned a level 2 spell: Sticks to Snakes
  1115 | D:1      | Reached XP level 3. HP: 22/31 MP: 4/6
  1120 | D:1      | Learned a level 3 spell: Spider Form
  1257 | D:2      | Noticed Natasha
  1263 | D:2      | Killed Natasha
  1298 | D:2      | Found a shattered altar of Ashenzari.
  1361 | D:2      | Noticed Natasha
  1368 | D:2      | Killed Natasha
  1368 | D:2      | Reached skill level 1 in Poison Magic
  1368 | D:2      | Reached XP level 4. HP: 33/39 MP: 0/7
  1661 | D:2      | Noticed Terence
  2032 | D:2      | Killed Terence
  2032 | D:2      | Reached XP level 5. HP: 35/45 MP: 4/8
  2424 | D:2      | Found a runed door.
  2506 | D:2      | Noticed Natasha
  2513 | D:2      | Slain by Natasha

Vault maps used:
D:1:      dpeg_arrival_lava_temple_mockup
D:2:      evilmike_ruin_ashenzari, uniq_crazy_yiuf_cottage, uniq_terence,
          uniq_natasha

Skill      XL: |  1  2  3  4 |
---------------+-------------+-----
Unarmed Combat | 4 |  4.0
Poison Magic   | 1 2 |  2.2
Transmutations | 3 |  3.3
Fighting       | 2 |  2.2
Dodging        | |  1.5
Spellcasting   | |  2.0

Action                   |  1- 3 |  4- 6 || total
-------------------------+-------+-------++-------
Melee: Unarmed           |    76 |    61 ||   137
       Headbutt          |     3 |     4 ||     7
 Fire: Hunting sling     |       |    17 ||    17
 Cast: Beastly Appendage |    14 |     8 ||    22
       Spider Form       |     2 |     4 ||     6
 Abil: Spit Poison       |       |     3 ||     3
  Eat: Chunk             |     1 |     3 ||     4
Armor: Robe              |    20 |     5 ||    25
       Skin              |       |     7 ||     7
Dodge: Dodged            |    74 |    62 ||   136
